 Dungeon Crawl Stone Soup version 0.29-a0-275-g389c0b56f3 (webtiles) character file.

Game seed: 9927309926954438608

32 frimble the Skirmisher (level 3, 0/30 HPs)
             Began as a Djinni Cinder Acolyte on Mar 10, 2022.
             Was a High Priest of Ignis.
             Killed from afar by a dart slug (2 damage)
             ... with a slug dart
             ... on level 2 of the Dungeon.
             The game lasted 00:01:02 (2458 turns).

frimble the Skirmisher (Djinni Cinder Acolyte)      Turns: 2458, Time: 00:01:02

Health: 0/30       AC:  2    Str: 13    XL:     3   Next: 42%
Gold:   41         EV: 11    Int: 17    God:    Ignis [*****.] SH:  0 Dex:  8

rFire   + + +      SeeInvis .   a - -1 short sword (flame)
rCold   x . .      Faith    .   (no shield)
rNeg    . . .      Spirit   .   b - +0 robe
rPois   ∞          Reflect  .   (no helmet)
rElec   .          Harm     .   (no cloak)
rCorr   .          Rampage  .   (no gloves)
Will    .....                   (boots unavailable)
Stlth   +.........              (no amulet)
HPRegen 0.10/turn               (no ring)
MPRegen 0.00/turn               (no ring)

@: flying, very slightly contaminated
A: sickness immunity, fire resistance 2, cold vulnerability 1, float, innate
caster, HP casting, extra vitality 1
a: Renounce Religion, Fiery Armour, Foxfire Swarm, Rising Flame


You were on level 2 of the Dungeon.
You worshipped Ignis.
Ignis was extremely pleased with you.
You visited 1 branch of the dungeon, and saw 2 of its levels.

You collected 41 gold pieces.

Inventory:

Hand Weapons
 a - a -1 short sword of flaming (weapon)
Armour
 b - a +0 robe (worn)
Jewellery
 e - a +4 ring of slaying
Scrolls
 c - a scroll of identify {unknown}
 f - a scroll of enchant weapon {unknown}
 g - a scroll of fog {unknown}
 h - 2 scrolls of magic mapping {unknown}
 i - a scroll of vulnerability {unknown}
Potions
 d - a potion of berserk rage {unknown}
 j - a potion of ambrosia {unknown}


   Skills:
 + Level 3.4 Fighting
 + Level 3.1 Short Blades
 + Level 2.7 Spellcasting


You had 4 spell levels left.
You knew the following spells:

 Your Spells              Type           Power      Damage    Failure   Level
a - Scorch                Fire           22%        2d6       9%          2
b - Sandblast             Erth           22%        2d7       6%          1
Your spell library was empty.

Dungeon Overview and Level Annotations

Branches:
Dungeon (2/15)

Altars:


Innate Abilities, Weirdness & Mutations

You are immune to sickness and miasma.
You are immune to poison.
Your flesh is very heat resistant. (rF++)
You are vulnerable to cold. (rC-)
You float through the air rather than walking.
You learn spells naturally, not from books.
Your magical power is your life essence.
You have superior vitality. (+4 MHP)


Message History

You are too injured to fight recklessly!
You are too injured to fight recklessly!
You are too injured to fight recklessly!
You are too injured to fight recklessly!
You are too injured to fight recklessly!
You are too injured to fight recklessly!
You are too injured to fight recklessly!
Casting: Scorch (safe; 9% risk of failure)
Confirm with . or Enter, or press ? or * to list all spells.
Flames lash the dart slug.
The dart slug is lightly wounded.
The dart slug's fire resistance burns away.
The quokka bites you.
An endoplasm comes into view.
Casting: Scorch (safe; 9% risk of failure)
Confirm with . or Enter, or press ? or * to list all spells.
Flames lash the dart slug.
The dart slug is burned terribly!
The dart slug is heavily wounded.
The quokka bites you. The dart slug launches a dart at you.
The slug dart hits you.
* * * LOW HITPOINT WARNING * * *
Casting: Scorch (safe; 9% risk of failure)
Confirm with . or Enter, or press ? or * to list all spells.
You miscast Scorch.
You are very lightly contaminated with residual magic.
Nothing appears to happen.
* * * LOW HITPOINT WARNING * * *
The quokka barely misses you. The dart slug launches a dart at you.
The slug dart hits you.
* * * LOW HITPOINT WARNING * * *
Casting: Scorch (safe; 9% risk of failure)
Confirm with . or Enter, or press ? or * to list all spells.
Flames lash the quokka.
You kill the quokka!
* * * LOW HITPOINT WARNING * * *
The dart slug launches a dart at you. The slug dart hits you.
You die...

#######.#
......#.#################
#.).....##.......).......
#......J##.##############
#.......##.#.............
#.....w.##.#.####..######
#.....†.##.#.####..# #
..$.....##(#.......# #
..#.......@..#######.######
...........................
..>......###########.######
..........# #.# #.........#
#.# #.........# ####.##
#.........#######.....#
.......<........#.##..#
##........#####.#.....#


You could see a dart slug (combustible) and an endoplasm.

Vanquished Creatures
  2 worms (D:2)
  2 endoplasms
  A giant cockroach (D:2)
  4 hobgoblins (D:1)
  2 jackals (D:2)
  2 kobolds (D:2)
  3 quokkas
  A ball python (D:1)
  2 bats (D:1)
  A frilled lizard (D:2)
  5 rats
25 creatures vanquished.

Vanquished Creatures (others)
  7 plants (D:1)
7 creatures vanquished.

Grand Total: 32 creatures vanquished

Notes
Turn   | Place    | Note
-------+----------+-------------------------------------------
     0 | D:1      | frimble the Djinni Cinder Acolyte began the quest for the
                  | Orb.
     0 | D:1      | Reached XP level 1. HP: 20/20 MP: 0/0
   543 | D:1      | Reached XP level 2. HP: 10/25 MP: 0/0
  1118 | D:1      | Found a faded altar of an unknown god.
  1538 | D:2      | Reached XP level 3. HP: 3/30 MP: 0/0
  1538 | D:2      | Learned a level 1 spell: Sandblast
  2458 | D:2      | Killed from afar by a dart slug

Illustrated notes

Levels and vault maps discovered:
D:1:      roderic_crop_circles_arrival_small, layout_loops_ring,
          hellmonk_ecumenical_altar_pennies_from_heaven
D:2:      cheibrodos_greedy_goblins, layout_basic

Skill      XL: |  1  2 |
---------------+-------+-----
Short Blades   | 3 |  3.1
Fighting       | |  3.4
Spellcasting   | |  2.7

Action                   || total
-------------------------++-------
Melee: Short sword       ||   108
       Punch             ||     1
 Cast: Scorch            ||    11
Armor: Robe              ||    22
Dodge: Dodged            ||    64

Table legend: (Time is in decaauts)
 A = Elapsed time spent in this place.
 B = Non-inter-level travel time spent in this place.
 C = Inter-level travel time spent in this place.
 D = Time resting spent in this place.
 E = Time spent auto-exploring this place.
 F = Levels seen in this place.
 G = Mean time per level.
                   A        B        C        D        E       F      G
               +--------+--------+--------+--------+--------+-----+--------+
         Total |   2453 |   2389 |     64 |      0 |   2150 |   2 | 1226.5 |
       Dungeon |   2453 |   2389 |     64 |      0 |   2150 |   2 | 1226.5 |
               +--------+--------+--------+--------+--------+-----+--------+

Top non-repeatable levels by time:
     D:1: 1504 daAuts
     D:2: 949 daAuts
